 Dungeon Crawl Stone Soup version 0.25-a0-429-g4e4398398a (webtiles) character file.

Game seed: 14477487957471588711, levelgen mode: deterministic

5805 Linuka the Grappler (level 10, -4/104 HPs)
             Began as a Troll Monk on Jan 25, 2020.
             Was a High Priest of Okawaru.
             Slain by a hell rat (9 damage)
             ... on level 9 of the Dungeon.
             The game lasted 00:19:16 (7024 turns).

Linuka the Grappler (Troll Monk)                    Turns: 7024, Time: 00:19:17

Health: -4/104     AC:  7    Str: 24    XL:     10   Next: 50%
Magic:  9/9        EV: 16    Int: 10    God:    Okawaru [*****.]
Gold:   445        SH:  0    Dex: 17    Spells: 9/9 levels left

rFire    + . .     SeeInvis .     - Unarmed
rCold    . . .     Gourm    +   (no shield)
rNeg     . . .     Faith    .   z - +0 robe (curse)
rPois    .         Spirit   .   (helmet restricted)
rElec    .         Reflect  .   v - +0 cloak
rCorr    .         Harm     .   (gloves unavailable)
MR       .....                  (boots unavailable)
Stlth    +++.......             (no amulet)
HPRegen  0.67/turn              F - ring of protection from fire
MPRegen  0.11/turn              s - +4 ring of intelligence

@: agile
A: large, unfitting armour, claws 3, fast metabolism 3, gourmand, regeneration
1, shaggy fur 1, tough skin 3
a: Heroism, Finesse, Renounce Religion


You were on level 9 of the Dungeon.
You worshipped Okawaru.
Okawaru was extremely pleased with you.
You were very full.

You visited 2 branches of the dungeon, and saw 10 of its levels.

You collected 445 gold pieces.

Inventory:

Hand Weapons
 A - a +1 battleaxe of electrocution
Missiles
 q - 10 javelins
 y - 2 throwing nets {=f}
 Q - 271 stones (quivered)
Armour
 v - a +0 cloak (worn)
 z - a cursed +0 robe (worn)
Jewellery
 s - a +4 ring of intelligence (right claw)
 w - an uncursed ring of protection from fire
 F - a ring of protection from fire (left claw)
 W - an uncursed ring of wizardry {Wiz+}
Wands
 u - a wand of flame (44)
 x - a wand of paralysis (5)
Scrolls
 c - 2 scrolls of enchant weapon {unknown}
 g - 6 scrolls of remove curse
 h - 2 scrolls of magic mapping {unknown}
 i - 8 scrolls of identify
 j - 5 scrolls of teleportation {unknown}
 m - 2 scrolls of fear {unknown}
 p - 3 scrolls of enchant armour {unknown}
Potions
 a - a potion of invisibility {unknown}
 d - 2 potions of agility
 e - a potion of resistance {unknown}
 f - 2 potions of brilliance {unknown}
 k - a potion of berserk rage {unknown}
 l - 3 potions of mutation {!q}
 n - 2 potions of degeneration {unknown}
 o - 2 potions of cancellation {unknown}
 r - 4 potions of curing
 t - a potion of haste {unknown}
 B - a potion of ambrosia {unknown}
Comestibles
 b - 26 rations
 C - 3 chunks of flesh


   Skills:
 + Level 8.1 Fighting
 - Level 2.4 Dodging
 - Level 1.0 Stealth
 * Level 12.9 Unarmed Combat


You had 9 spell levels left.
You didn't know any spells.
Your spell library contained the following spells:

 Spells                   Type           Power        Failure   Level  Hunger
 Sandblast                Erth           #.....       36%         1    ##.....
 Passwall                 Tmut/Erth      #.......     50%         2    ###....
 Stone Arrow              Conj/Erth      #.....       75%         3    ####...
 Petrify                  Tmut/Erth      #.......     98%         4    #####..
 Irradiate                Conj/Tmut      #.........   100%        5    ######.
 Lee's Rapid Deconstruct  Erth           #.........   100%        5    ######.
 Hydra Form               Tmut           #.........   100%        6    #######
 Statue Form              Tmut/Erth      #........    100%        6    #######
 Dragon Form              Tmut           #.........   100%        7    #######


Dungeon Overview and Level Annotations

Branches:
Dungeon (9/15)             Temple (1/1) D:5
   Lair: D:8-11         Orc: D:9-12

Altars:
Cheibriados
Elyvilon
Fedhas
Gozag
Hepliaklqana
Kikubaaqudgha
Okawaru
Qazlal
Sif Muna
Vehumet
Xom
Yredelemnul
Zin

Annotations:
D:9 2 transporters


Innate Abilities, Weirdness & Mutations

You are too large for most types of armour.
You have claws for hands.
Your metabolism is lightning-fast.
You like to eat raw meat.
Your natural rate of healing is unusually fast.
You are covered in fur. (AC +1)
You have extremely tough skin. (AC +3)


Message History

The death yak barely misses you. The death yak gores you!
* * * LOW HITPOINT WARNING * * *
You take 11 damage, and have 32/103 hp.
The hell rat bites you!
* * * LOW HITPOINT WARNING * * *
The death yak gores you!
* * * LOW HITPOINT WARNING * * *
You take 14 damage, and have 18/103 hp.
The death yak gores you!
* * * LOW HITPOINT WARNING * * *
You take 10 damage, and have 8/103 hp.
Quiver which item? (- for none, * to show all) (? for menu, Esc to quit)
Okay, then.
It was a potion of curing.
You feel better. The death yak gores you!
* * * LOW HITPOINT WARNING * * *
You take 4 damage, and have 4/104 hp.
It was a potion of agility.
You feel agile all of a sudden. The hell rat bites you!
You die...

.'......©#..©. J%_#©.......#....
.#.......#..... .%_#........#....
.#.......#..##. #[$#........'....
.##'####.#8.##.##h8#........#.Y..
.........##...©uDJ##.#####'##....
...##.....#########..............
...##...#.......................#
...##...##.......r..............#
...##...........@Y.#...r.#####..#
...##............Y.#.Y...÷......#
...................#............#
...................#......†.....#
..........................†......
#################################


You could see a fire dragon, 2 death yaks, a green ugly thing, a hell rat, a
hound and a jelly.

Levels and vault maps discovered:
D:1:      dpeg_arrival_solitude, layout_basic, doesnt_xom_only_xom
D:2:      layout_rooms
D:3:      layout_basic, nicolae_qazlal_style_of_elements, minitemple
D:4:      gammafunk_steamed_eel, layout_basic,
          yredelemnul_forgotten_temple_becter, gammafunk_temple_overflow_claw,
          first_ration
D:5:      layout_cave_pools, minmay_temple_entry_proselytizer
D:6:      layout_basic
D:7:      layout_basic, grunt_ogre_cave, uniq_harold
D:8:      layout_loops_corners, lemuel_coloured_pillars_altar,
          overflow_temple_1_default, serial_glass, glass_columns_a,
          glass_columns_a, glass_columns_a, glass_columns_a, glass_columns_a,
          glass_columns_b, glass_columns_c, glass_columns_b
D:9:      layout_stronghold, lemuel_round_altar,
          gammafunk_temple_overflow_arena, dpeg_lair_monsters
Temple:   nicolae_temple_figure_zero

Notes
Turn   | Place    | Note
-------+----------+-------------------------------------------
     0 | D:1      | Linuka the Troll Monk began the quest for the Orb.
     0 | D:1      | Reached XP level 1. HP: 22/22 MP: 0/0
    71 | D:1      | Identified a +0 club
    99 | D:1      | Identified a cursed -1 club
   100 | D:1      | Identified a +0 club
   107 | D:1      | Reached XP level 2. HP: 27/29 MP: 1/1
   262 | D:1      | Identified a +0 club
   516 | D:1      | Identified a ring of teleportation (You found it on level 1
                  | of the Dungeon)
   593 | D:1      | Reached XP level 3. HP: 32/36 MP: 2/2
   615 | D:1      | Identified a +0 short sword
   705 | D:1      | Reached skill level 4 in Unarmed Combat
   873 | D:1      | Found a stormy altar of Qazlal.
   875 | D:1      | Found a shattered altar of Ashenzari.
   875 | D:1      | Found a shimmering altar of Xom.
   877 | D:1      | Found a glowing silver altar of Zin.
   877 | D:1      | Found a hazy altar of Hepliaklqana.
   877 | D:1      | Found an opulent altar of Gozag.
  1124 | D:2      | Identified a ring of protection from fire (You found it on
                  | level 2 of the Dungeon)
  1195 | D:2      | Identified a +0 short sword
  1200 | D:2      | Reached skill level 3 in Fighting
  1335 | D:2      | Reached XP level 4. HP: 42/45 MP: 3/3
  1357 | D:2      | Identified a +0 club
  1381 | D:2      | Identified a +0 dagger
  1533 | D:2      | Identified a +0 club
  1764 | D:3      | Identified a +0 hand axe
  1764 | D:3      | Identified a +0 ring mail
  1776 | D:3      | Identified a +0 dagger
  1776 | D:3      | Identified a cursed -3 flail
  1778 | D:3      | Identified a +0 flail
  1778 | D:3      | Identified a +0 leather armour
  1791 | D:3      | Identified a +0 dagger
  1791 | D:3      | Identified a +0 robe
  1801 | D:3      | Reached skill level 5 in Unarmed Combat
  1868 | D:3      | Identified a +0 flail
  1868 | D:3      | Identified a +0 scale mail
  1868 | D:3      | Identified a +0 dagger
  1868 | D:3      | Identified a +2 robe of positive energy
  1869 | D:3      | Identified a +0 falchion
  1869 | D:3      | Identified a +0 scale mail
  1869 | D:3      | Identified a +0 dagger
  1869 | D:3      | Identified a +0 robe
  1870 | D:3      | Identified a +0 mace
  1870 | D:3      | Identified a +2 leather armour of magic resistance
  1876 | D:3      | Reached XP level 5. HP: 53/53 MP: 4/4
  1947 | D:3      | Identified a +0 club
  2016 | D:3      | Noticed an air elemental
  2023 | D:3      | Found a stormy altar of Qazlal.
  2025 | D:3      | Noticed a fire elemental
  2025 | D:3      | Noticed a water elemental
  2207 | D:3      | Identified a +0 falchion
  2207 | D:3      | Identified a +0 flail
  2207 | D:3      | Identified a +0 mace
  2209 | D:3      | Identified a +0 dagger
  2278 | D:3      | Identified a ring of wizardry (You found it on level 3 of
                  | the Dungeon)
  2280 | D:3      | Identified a ring of intelligence (You found it on level 3
                  | of the Dungeon)
  2302 | D:3      | You fall into a shaft and drop 1 floor!
  2316 | D:4      | Reached XP level 6. HP: 62/62 MP: 5/5
  2347 | D:4      | Found a radiant altar of Vehumet.
  2347 | D:4      | Found an ancient bone altar of Kikubaaqudgha.
  2348 | D:4      | Found a snail-covered altar of Cheibriados.
  2367 | D:4      | Identified a +0 mace
  2523 | D:4      | Found a basalt altar of Yredelemnul.
  2577 | D:4      | Identified a +0 chain mail
  2578 | D:4      | Identified a +0 dagger
  2578 | D:4      | Identified a +0 robe
  2581 | D:4      | Identified a +0 flail
  2581 | D:4      | Identified a +0 scale mail
  2593 | D:4      | Reached skill level 6 in Unarmed Combat
  2807 | D:4      | Noticed a hornet
  2819 | D:4      | Killed a hornet
  2819 | D:4      | Reached skill level 4 in Fighting
  2819 | D:4      | Reached XP level 7. HP: 22/71 MP: 6/6
  2985 | D:4      | Found a transporter.
  2998 | D:4      | Found a transporter.
  3191 | D:4      | Reached skill level 7 in Unarmed Combat
  3275 | D:5      | Entered Level 5 of the Dungeon
  3417 | D:5      | Identified a +0 giant club
  3449 | D:5      | Identified a +0 giant club
  3452 | D:5      | Identified a cursed +0 chain mail
  3465 | D:5      | Reached skill level 8 in Unarmed Combat
  3466 | D:5      | Identified a +0 dagger
  3466 | D:5      | Identified a +0 robe
  3466 | D:5      | Identified a +0 flail
  3466 | D:5      | Identified a +0 leather armour
  3467 | D:5      | Identified a +0 hand axe
  3475 | D:5      | Reached skill level 5 in Fighting
  3521 | D:5      | Identified a +0 whip
  3521 | D:5      | Identified a +0 short sword
  3521 | D:5      | Identified a +0 whip
  3521 | D:5      | Identified a +0 short sword
  3533 | D:5      | Reached XP level 8. HP: 57/80 MP: 7/7
  3675 | D:5      | Identified a +0 whip
  3713 | D:5      | Found a staircase to the Ecumenical Temple.
  3736 | Temple   | Entered the Ecumenical Temple
  3768 | Temple   | Became a worshipper of Warmaster Okawaru
  3768 | Temple   | Reached * piety under Okawaru
  3768 | Temple   | Reached ** piety under Okawaru
  3846 | D:5      | Identified a +0 giant spiked club
  3929 | D:5      | Identified a +0 cloak (You found it on level 5 of the
                  | Dungeon)
  4039 | D:6      | Identified a +0 shortbow
  4043 | D:6      | Reached skill level 9 in Unarmed Combat
  4048 | D:6      | Identified 4 scrolls of identify
  4048 | D:6      | Identified 3 potions of mutation
  4049 | D:6      | Identified 3 scrolls of remove curse
  4094 | D:6      | Identified a +0 giant club
  4698 | D:7      | Identified a +0 hand axe
  4705 | D:7      | Reached skill level 6 in Fighting
  4718 | D:7      | Identified a +0 giant spiked club
  4725 | D:7      | Reached *** piety under Okawaru
  4812 | D:7      | Reached skill level 10 in Unarmed Combat
  4868 | D:7      | Reached XP level 9. HP: 59/89 MP: 8/8
  4972 | D:7      | Identified a +0 giant spiked club
  5030 | D:7      | Identified a +0 dagger
  5030 | D:7      | Identified a +0 chain mail
  5031 | D:7      | Identified a +0 war axe
  5031 | D:7      | Identified a +0 chain mail
  5032 | D:7      | Identified a +0 dagger
  5032 | D:7      | Identified a +0 ring mail
  5167 | D:7      | Identified a +0 dagger
  5167 | D:7      | Identified a +0 robe
  5168 | D:7      | Identified a cursed -1 morningstar
  5171 | D:7      | Identified a +2 trident of venom
  5173 | D:7      | Identified a +0 whip
  5173 | D:7      | Identified a +0 leather armour
  5175 | D:7      | Identified a +0 club
  5268 | D:7      | Identified a +0 trident
  5268 | D:7      | Identified a +0 scale mail
  5345 | D:7      | Identified a +0 dire flail
  5345 | D:7      | Identified a +0 scale mail
  5345 | D:7      | Noticed Harold
  5358 | D:7      | HP: 7/92 [Harold/+0 dire flail (27)]
  5359 | D:7      | Killed Harold
  5359 | D:7      | Reached **** piety under Okawaru
  5359 | D:7      | Reached skill level 7 in Fighting
  5359 | D:7      | Reached skill level 11 in Unarmed Combat
  5563 | D:7      | Identified a cursed +0 robe (You found it on level 7 of the
                  | Dungeon)
  5587 | D:8      | Identified a +0 giant club
  5588 | D:8      | Identified a +0 dagger
  5588 | D:8      | Identified a +0 mace
  5588 | D:8      | Identified a +0 dagger
  5588 | D:8      | Identified a +0 robe
  5589 | D:8      | Identified a +0 whip
  5589 | D:8      | Identified a +0 leather armour
  5780 | D:8      | Found a white marble altar of Elyvilon.
  5888 | D:8      | Identified a cursed +0 flail
  5888 | D:8      | Identified a +0 robe
  5891 | D:8      | Identified a +0 mace
  5891 | D:8      | Identified a +0 robe
  5894 | D:8      | Identified a cursed +5 scimitar
  5894 | D:8      | Identified a +0 robe
  5980 | D:8      | Identified a +1 spear
  5980 | D:8      | Identified a +0 robe
  5981 | D:8      | Identified a +0 long sword
  5981 | D:8      | Identified a +0 robe
  5988 | D:8      | Reached ***** piety under Okawaru
  5998 | D:8      | Identified a cursed +0 hand axe
  5998 | D:8      | Identified a +0 robe
  6166 | D:8      | Received a gift from Okawaru
  6169 | D:8      | Identified a +1 battleaxe of electrocution (Okawaru gifted
                  | it to you on level 8 of the Dungeon)
  6209 | D:8      | Identified a +0 giant club
  6332 | D:8      | Identified a +0 giant club
  6332 | D:8      | Identified a +0 giant club
  6332 | D:8      | Noticed a two-headed ogre
  6339 | D:8      | Killed a two-headed ogre
  6339 | D:8      | Reached skill level 12 in Unarmed Combat
  6339 | D:8      | Reached XP level 10. HP: 55/101 MP: 9/9
  6426 | D:8      | Identified a +0 giant spiked club
  6612 | D:8      | Found a blossoming altar of Fedhas.
  6733 | D:9      | Found a transporter.
  6902 | D:9      | Noticed a fire dragon
  6924 | D:9      | Found an opulent altar of Gozag.
  6924 | D:9      | Found a shimmering blue altar of Sif Muna.
  6924 | D:9      | Found a shimmering altar of Xom.
  6979 | D:9      | Noticed a death yak
  6982 | D:9      | Noticed a death yak
  6982 | D:9      | Noticed a death yak
  7008 | D:9      | Found a transporter.
  7018 | D:9      | Noticed a green ugly thing
  7020 | D:9      | Killed a death yak
  7020 | D:9      | Reached skill level 8 in Fighting
  7021 | D:9      | HP: 25/103 [hell rat (8)]
  7022 | D:9      | HP: 8/103 [death yak (10)]
  7023 | D:9      | Identified 5 potions of curing
  7024 | D:9      | Identified 3 potions of agility
  7024 | D:9      | Slain by a hell rat

Table legend:
 A = Turns spent in this place as a percentage of turns spent in the entire game.
 B = Non-inter-level travel turns spent in this place as a percentage of non-inter-level travel turns spent in the entire game.
 C = Inter-level travel turns spent in this place as a percentage of turns spent in this place.
 D = Turns resting spent in this place as a percentage of non-inter-level travel turns spent in this place.
 E = Turns spent auto-exploring this place as a percentage of non-inter-level travel turns spent in this place.
 F = Non-inter-level travel turns spent in this place divided by the number of levels of this place that you've seen.
                   A       B       C       D       E      F
               +-------+-------+-------+-------+-------+----------------------
         Total | 100.0 | 100.0 |   3.2 |   0.0 |  82.5 | 679.6
       Dungeon |  99.4 |  99.5 |   3.1 |   0.0 |  82.5 | 751.3
        Temple |   0.6 |   0.5 |  24.4 |   0.0 |  79.4 |  34.0
               +-------+-------+-------+-------+-------+----------------------

Table legend:
 A = Kills in this place as a percentage of kills in entire the game.
 B = Kills by you in this place as a percentage of kills by you in the entire game.
 C = Kills by friends in this place as a percentage of kills by friends in the entire game.
 D = Other kills in this place as a percentage of other kills in the entire game.
 E = Experience gained in this place as a percentage of experience gained in the entire game.
 F = Experience gained in this place divided by the number of levels of this place that you have seen.
                   A       B       C       D       E      F
               +-------+-------+-------+-------+-------+----------------------
         Total | 100.0 | 100.0 |   N/A | 100.0 | 100.0 | 829.3
       Dungeon | 100.0 | 100.0 |   N/A | 100.0 | 100.0 | 921.4
               +-------+-------+-------+-------+-------+----------------------

Skill      XL: |  1  2  3  4  5  6  7  8  9 10 |
---------------+-------------------------------+-----
Unarmed Combat | 4 5 6 8 10 12 | 12.9
Fighting       | 3 4 5 6 7 8 |  8.1
Dodging        | |  2.4
Stealth        | |  1.0

Action                   |  1- 3 |  4- 6 |  7- 9 | 10-12 || total
-------------------------+-------+-------+-------+-------++-------
Melee: Unarmed           |    92 |   167 |   257 |    38 ||   554
       Punch             |       |     6 |    12 |     5 ||    23
  Use: Scroll            |       |       |     2 |       ||     2
       Potion            |       |       |       |     2 ||     2
 Stab: Sleeping          |     3 |     1 |     4 |       ||     8
  Eat: Chunk             |    14 |    17 |    32 |     6 ||    69
Armor: Robe              |    43 |    46 |    58 |     9 ||   156
Dodge: Dodged            |    41 |    98 |   115 |    22 ||   276

Vanquished Creatures
  Harold (D:7)
  A two-headed ogre (D:8)
  A death yak (D:9)
  A hornet (D:4)
  A hippogriff (D:9)
  A wyvern (D:9)
  An acid dragon (D:9)
  2 water moccasins
  An orc warrior (D:7)
  An ice beast (D:7)
  A necrophage (D:8)
  9 ogres
  A centaur (D:6)
  A big kobold (D:5)
  3 bullfrogs
  A wyvern skeleton (D:9)
  7 killer bees
  2 scorpions
  6 wights (D:8)
  2 electric eels (D:4)
  A bullfrog zombie (D:7)
  2 crimson imps
  A jelly (D:7)
  2 orc priests
  A centaur skeleton (D:5)
  4 hounds
  7 orc wizards
  2 worker ants
  A hound skeleton (D:9)
  11 adders
  3 shadow imps
  2 oozes (D:1)
  2 worms
  5 dart slugs
  30 orcs
  2 ball pythons
  7 bats
  6 giant cockroaches
  6 goblins
  5 hobgoblins
  18 jackals
  3 quokkas
  4 frilled lizards
  8 kobolds
  A quokka skeleton (D:4)
  4 rats
  A spectral orc (D:4)
183 creatures vanquished.

Vanquished Creatures (others)
  A worker ant (D:4)
  A jackal (D:4)
2 creatures vanquished.

Grand Total: 185 creatures vanquished
